 Dungeon Crawl Stone Soup version 0.17-a0-1510-gb3fb22e (webtiles) character file.

3240 urechis the Slicer (level 10, -2/100 HPs)
             Began as a Kobold Berserker on July 11, 2015.
             Was a Priest of Trog.
             Slain by an orc warrior
             ... wielding a +0 halberd
              (25 damage)
             ... in a bailey.
             The game lasted 00:21:22 (8406 turns).

urechis the Slicer (Kobold Berserker)               Turns: 8406, Time: 00:21:23

Health: -2/100     AC: 11    Str: 21    XL:     10   Next: 18%
Magic:  10/10      EV: 15    Int:  5    God:    Trog [***...]
Gold:   303        SH:  0    Dex: 16    Spells: 0 memorised, 9 levels left

rFire  + . .     SeeInvis .     a - +0 short sword
rCold  . . .     Clarity  +     K - +2 leather armour "Lanledum" {rPois rF+ rCorr Dex-3}
rNeg   . . .     SustAt   .     (shield restricted)
rPois  +         Gourm    .     B - +2 helmet
rElec  .         Spirit   .     f - +0 cloak
rCorr  +         Warding  .     (no gloves)
rMut   .         Stasis   .     b - +1 pair of boots
MR     .....                    M - amulet of clarity
Stlth  ..........               r - ring of stealth
                                s - ring of stealth

@: berserking (expiring), very quick, not resistant to hostile enchantments,
extremely unstealthy
A: carnivore 3
a: Burn Spellbooks, Berserk, Trog's Hand, Renounce Religion


You were in a bailey.
You worshipped Trog.
Trog was most pleased with you.
You were very full.

You visited 1 branch of the dungeon, and saw 7 of its levels.
You also visited: Bailey.

You collected 303 gold pieces.

Inventory:

Hand weapons
 a - a +0 short sword (weapon)
Missiles
 p - 9 needles of sleeping
 u - 5 tomahawks of returning (quivered)
 L - 15 poisoned needles
Armour
 b - a +1 pair of boots (worn)
 f - a +0 cloak (worn)
 B - a +2 helmet (worn)
 K - the +2 leather armour "Lanledum" (worn) {rPois rF+ rCorr Dex-3}
   (You found it on level 7 of the Dungeon)

   It affects your dexterity (-3).
   It protects you from fire.
   It protects you from poison.
   It protects you from acid and corrosion.
Jewellery
 e - an uncursed ring of see invisible
 r - a ring of stealth (right hand)
 s - a ring of stealth (left hand)
 M - an amulet of clarity (around neck)
Scrolls
 d - 2 scrolls of fog {unknown}
 g - 5 scrolls of teleportation
 h - 4 scrolls of remove curse
 i - 2 scrolls of noise {unknown}
 j - 6 scrolls of identify {unknown}
 m - a scroll of random uselessness {unknown}
 n - a scroll of immolation {unknown}
 o - a scroll of fear {unknown}
 v - 4 scrolls of enchant armour {unknown}
 x - a scroll of amnesia {unknown}
 y - a scroll of magic mapping {unknown}
 G - a scroll of recharging {unknown}
Potions
 l - 3 potions of resistance {unknown}
 q - a potion of invisibility {unknown}
 t - a potion of heal wounds {unknown}
 w - 3 potions of agility {unknown}
 z - 2 potions of curing {unknown}
 D - 2 potions of might {unknown}
 F - a potion of mutation {unknown}
 H - a potion of ambrosia {unknown}
 I - a potion of cure mutation {unknown}
Comestibles
 c - 2 meat rations
 A - a beef jerky


   Skills:
 + Level 9.6 Fighting
 + Level 11.3 Short Blades
 - Level 1.5 Armour
 - Level 2.4 Dodging
 - Level 10.0 Stealth


You had 9 spell levels left.
You didn't know any spells.

Dungeon Overview and Level Annotations

Branches:
Dungeon (7/15)             Temple (0/1) D:6

Altars:
Cheibriados
Dithmenos
Gozag
Kikubaaqudgha
Trog
Xom
Zin

Shops:
D:5 }   D:6 }


Innate Abilities, Weirdness & Mutations

You are small and have problems with some larger weapons.
You are carnivorous and can eat meat at any time.


Message History

The orc warrior hits you with a halberd.
You puncture the orc knight!
The orc knight is severely wounded.
You puncture the orc knight!
The orc knight is almost dead.
The orc knight hits you with a bardiche!
You puncture the orc knight!
The orc knight is almost dead.
The orc warrior hits you with a halberd!
* * * LOW HITPOINT WARNING * * *
You barely miss the orc knight.
The orc knight is almost dead.
You puncture the orc knight!
You kill the orc knight!
Trog accepts your kill.
Your Short Blades skill increases to level 11!
You barely miss the orc warrior.
You hit the orc warrior but do no damage.
The orc warrior hits you with a halberd!!
You die...

## ###
##.###########∩## ##
#...##.....##...##..
#!..#..≈≈≈..#(..#(.≈
#?..#.≈≈o≈≈....(..≈≈
#...'.≈ooo≈..(....≈o
#.o)#.≈≈o≈≈..(....≈≈
#..@#..≈≈≈..#(..#..≈
#?).##.....##.∩.##..
##.###########∩## ##
## ###


You could see an orc warrior (frenzied).

Vanquished Creatures
  Pikel (D:4)
  An orc knight (Bailey)
  The ghost of urechis the Skirmisher, an experienced GrFi (D:5)
  2 orc warriors
  A necrophage (D:6)
  A black bear (D:6)
  3 ogres
  3 phantoms
  A centaur (D:6)
  4 giant frogs
  A water moccasin skeleton (D:3)
  3 scorpions
  3 hounds
  A centaur skeleton (D:7)
  A centaur zombie (D:5)
  3 giant frog skeletons
  2 orc wizards (D:4)
  A gnoll shaman (D:4)
  A jelly (D:7)
  Natasha (D:4)
  A worker ant (D:5)
  A hound zombie (D:4)
  7 gnolls
  Robin (D:4)
  8 adders
  A shadow imp (D:5)
  2 worms
  2 giant geckos (D:5)
  17 orcs
  3 bat skeletons (D:4)
  A bat zombie (D:6)
  11 goblins
  16 hobgoblins
  9 jackals
  3 quokkas
  A ball python (D:4)
  11 bats
  5 giant cockroaches
  6 giant newts
  6 kobolds
  A quokka zombie (D:5)
  9 rats
157 creatures vanquished.

Vanquished Creatures (others)
  A slave (D:4)
  A worker ant (D:4)
  Natasha (twice) (D:4)
4 creatures vanquished.

Grand Total: 161 creatures vanquished

Notes
Turn   | Place    | Note
--------------------------------------------------------------
     0 | D:1      | urechis the Kobold Berserker began the quest for the Orb.
     0 | D:1      | Reached XP level 1. HP: 14/14 MP: 1/1
   128 | D:1      | Reached skill level 1 in Stealth
   402 | D:2      | Reached XP level 2. HP: 12/19 MP: 2/2
   625 | D:2      | Found a shadowy altar of Dithmenos.
  1025 | D:2      | Found a shimmering altar of Xom.
  1090 | D:2      | Reached XP level 3. HP: 23/23 MP: 3/3
  1587 | D:3      | Reached XP level 4. HP: 21/28 MP: 4/4
  1614 | D:3      | Reached skill level 5 in Stealth
  1623 | D:3      | Found an ancient bone altar of Kikubaaqudgha.
  1731 | D:3      | Reached skill level 6 in Stealth
  1731 | D:3      | Reached XP level 5. HP: 19/32 MP: 5/5
  1774 | D:3      | Noticed a scorpion
  1777 | D:3      | Killed a scorpion
  1777 | D:3      | Acquired Trog's second power
  1777 | D:3      | Reached skill level 7 in Stealth
  1829 | D:3      | Found a glowing silver altar of Zin.
  1965 | D:4      | Reached XP level 6. HP: 37/37 MP: 6/6
  1972 | D:4      | Reached skill level 8 in Stealth
  2288 | D:4      | Noticed an ogre
  2299 | D:4      | Noticed a phantom
  2308 | D:4      | Killed an ogre
  2308 | D:4      | Reached skill level 9 in Stealth
  2308 | D:4      | Reached XP level 7. HP: 41/41 MP: 7/7
  2319 | D:4      | Killed a phantom
  2319 | D:4      | Reached skill level 10 in Stealth
  2374 | D:4      | Found an opulent altar of Gozag.
  2684 | D:4      | Noticed Natasha
  2694 | D:4      | Killed Natasha
  2707 | D:4      | Noticed Robin
  2733 | D:4      | Killed Robin
  2783 | D:4      | Reached skill level 5 in Short Blades
  2877 | D:4      | Noticed Pikel
  2877 | D:4      | Noticed a slave
  2878 | D:4      | Noticed a slave
  2881 | D:4      | Noticed a slave
  2886 | D:4      | Noticed a slave
  2897 | D:4      | Killed Pikel
  2897 | D:4      | Reached skill level 5 in Fighting
  2897 | D:4      | Reached XP level 8. HP: 40/51 MP: 8/8
  2940 | D:4      | Noticed Natasha
  3196 | D:4      | Killed Natasha
  3447 | D:4      | Found an opulent altar of Gozag.
  3493 | D:4      | Killed Natasha
  4106 | D:4      | Found an opulent altar of Gozag.
  4869 | D:4      | Found an opulent altar of Gozag.
  5385 | D:4      | Killed a freed slave
  5505 | D:4      | Found an opulent altar of Gozag.
  5852 | D:4      | Found an opulent altar of Gozag.
  6461 | D:5      | Entered Level 5 of the Dungeon
  6464 | D:5      | Noticed urechis's ghost (experienced GrFi)
  6530 | D:5      | Found Pobiczeuti's Gadget Shop.
  6657 | D:5      | Killed urechis's ghost
  6657 | D:5      | Reached XP level 9. HP: 55/57 MP: 9/9
  6720 | D:5      | Found a bloodstained altar of Trog.
  7438 | D:6      | Found a staircase to the Ecumenical Temple.
  7595 | D:6      | Found Gaycrawn's Gadget Emporium.
  7797 | D:6      | Reached skill level 10 in Short Blades
  7981 | D:7      | Found a snail-covered altar of Cheibriados.
  8060 | D:7      | Got an encrusted leather armour
  8071 | D:7      | Identified the +2 leather armour "Lanledum" {rPois rF+ rCorr Dex-3} (You found it on level 7 of the Dungeon)
  8096 | D:7      | Found a flagged portal.
  8168 | Bailey   | Entered a bailey
  8168 | Bailey   | Noticed an orc knight
  8169 | Bailey   | Noticed an orc knight
  8375 | Bailey   | Noticed an orc knight
  8387 | Bailey   | Reached XP level 10. HP: 60/66 MP: 10/10
  8404 | Bailey   | Killed an orc knight
  8404 | Bailey   | Reached skill level 11 in Short Blades
  8406 | Bailey   | Slain by an orc warrior

Vault maps used:
D:1:      scummos_arrival_forest, corexii_leaking_fountain, grunt_decor_fettered
D:2:      grunt_dithmenos_smoke, minmay_misc_feat_pillars, xom_teletrap_fun
D:3:      kennysheep_six_static_rooms, lemuel_round_altar, lemuel_crystal_altar,
          serial_bayou, serial_bayou_lake_a, serial_bayou_pond_b,
          serial_bayou_pond_c, serial_bayou_ford_a, first_bread
D:4:      lemuel_doored_altar, uniq_natasha, uniq_robin, uniq_pikel
D:5:      bloody_trog, serial_shops, kennysheep_mini_moat, columned_hall_lemuel
D:6:      nicolae_overflow_hidden_temple, temple_pool_b, serial_shops,
          nicolae_shop_temple_entry_statues_fountains, minmay_misc_feat_columns,
          moated_statue
D:7:      lemuel_round_altar, enter_bailey_7, the_bakery, st_stairs_12,
          minmay_crossroads
Bailey:   bailey_polearm_4, bailey

Action                   |  1- 3 |  4- 6 |  7- 9 | 10-12 || total
-------------------------+-------+-------+-------+-------++-------
Melee: Short sword       |    87 |   131 |   419 |    18 ||   655
Invok: Berserk           |     1 |     3 |     7 |       ||    11
       Trog's Hand       |       |     3 |       |       ||     3
       Burn Spellbooks   |       |     1 |       |       ||     1
  Use: Scroll            |       |     2 |       |       ||     2
 Stab: Sleeping          |     5 |     7 |    37 |       ||    49
  Eat: Chunk             |     2 |    14 |    26 |       ||    42
